Get step-by-step instructions on how to execute this build order below. Start the game timer, and the build order will tick by so you can play in parallel with StarCraft on a second screen or mobile device.

Game Time

  0:00

Last Step

  N/A

Next Step

Upcoming Step



Don't want to look back and forth between 2 screens? Try out our Overwolf App, the Spawning Tool Build Advisor to get an in-game overlay with this build!

Complete Build Order

  12  0:00  SCV  
  13  0:12  SCV  
  14  0:18  Supply Depot  
  14  0:24  SCV  
  15  0:39  SCV  
  15  0:40  Barracks  
  16  0:44  Refinery  
  16  0:51  SCV  
  17  1:03  SCV  
  17  1:16  SCV  
  18  1:30  Orbital Command, Reaper  
  19  1:45  Command Center  
  19  1:53  Supply Depot  
  19  1:56  SCV  
  20  2:02  Marine  
  20  2:08  SCV  
  22  2:12  Factory  
  22  2:20  Bunker  
  22  2:22  Marine  
  23  2:25  SCV  
  23  2:29  Refinery  
  24  2:37  SCV  
  25  2:47  Barracks Reactor  
  25  2:49  SCV  
  26  2:56  Hellion  
  26  2:57  Starport  
  28  3:01  Orbital Command  
  28  3:05  SCV  
  29  3:17  SCV  
  30  3:20  Cyclone  
  30  3:24  Marine x2  
  30  3:26  SCV  
  35  3:29  SCV  
  35  3:34  Supply Depot, Medivac  
  38  3:38  SCV  
  39  3:42  SCV, Marine x2  
  42  3:50  SCV  
  42  3:54  Cyclone, SCV  
  46  3:58  Supply Depot  
  46  4:00  Marine  
  46  4:02  SCV, Marine  
  48  4:06  SCV  
  50  4:15  SCV  
  51  4:18  Barracks, SCV  
  51  4:22  Marine x2  
  54  4:26  Supply Depot  
  54  4:27  Factory Tech Lab, SCV  
  54  4:30  Barracks  
  56  4:31  SCV  
  56  4:35  Starport Tech Lab  
  56  4:39  SCV  
  56  4:40  Refinery  
  56  4:43  SCV  
  56  4:44  Marine x2  
  59  4:51  SCV, Engineering Bay  
  60  4:55  SCV, Supply Depot  
  61  5:00  Starport Tech Lab  
  61  5:02  Marine x2  
  61  5:03  SCV  
  61  5:06  Supply Depot  
  64  5:07  SCV  
  65  5:15  Stimpack, SCV  
  65  5:16  Marauder  
  65  5:20  Marine x2, Supply Depot  
  65  5:21  Terran Infantry Weapons Level 1, SCV  
  71  5:27  SCV  
  72  5:31  Starport Reactor, Factory Reactor, Refinery  
  72  5:34  Supply Depot  
  72  5:37  Marauder  
  72  5:39  Missile Turret  
  72  5:41  Missile Turret, Marine x2  
  76  5:44  SCV  
  76  5:45  Marauder  
  79  5:50  SCV  
  79  5:51  Supply Depot  
  80  5:59  Marine x2, Marauder  
  80  6:00  Missile Turret  
  82  6:04  Combat Shield  
  82  6:08  Medivac  
  82  6:10  Medivac  
  86  6:13  Supply Depot, Widow Mine  
  86  6:15  Widow Mine  
  90  6:19  Marauder  
  90  6:20  Marine x2  
  94  6:26  Marauder  
  96  6:33  Command Center  
  96  6:38  Supply Depot  
  96  6:39  Widow Mine  
  98  6:45  Marine x2  
  102  6:47  Marauder  
  102  6:51  Medivac x2  
  102  6:52  Widow Mine  
  108  6:54  Marauder  
  110  7:03  SCV  
  110  7:05  Barracks x2, SCV  
  112  7:10  Supply Depot  
  112  7:13  Marauder  
  118  7:15  Widow Mine x2  
  118  7:16  SCV  
  118  7:17  Concussive Shells  
  118  7:18  Marine  
  118  7:20  SCV  
  121  7:23  Terran Infantry Armor Level 1  
  121  7:27  Supply Depot  
  121  7:29  Viking  
  123  7:33  Viking  
  123  7:36  SCV  
  126  7:37  SCV  
  126  7:41  Marine x2  
  126  7:44  Marauder  
  129  7:46  Marauder  
  129  7:48  SCV  
  131  7:53  Widow Mine x2  
  131  7:55  Barracks Tech Lab x2  
  134  7:59  SCV, Supply Depot  
  134  8:05  Marauder  
  137  8:06  Viking  
  137  8:07  SCV  
  137  8:08  Marauder  
  137  8:11  SCV  
  143  8:16  Marauder  
  143  8:17  Supply Depot  
  143  8:18  Marauder  
  143  8:19  SCV  
  148  8:21  Viking  
  148  8:22  SCV  
  149  8:27  Supply Depot  
  149  8:28  SCV  
  149  8:31  SCV, Marauder  
  149  8:33  Marauder  
  155  8:37  Viking  
  155  8:41  Orbital Command  
  155  8:45  Marine x2  
  155  8:46  Marauder  
  155  8:47  SCV  
  154  8:50  SCV  
  154  8:52  Ghost Academy  
  154  8:55  Marauder x2  
  153  8:56  Widow Mine  
  153  8:58  Widow Mine  
  153  8:59  SCV  
  154  9:04  Supply Depot, Marine x2  
  154  9:05  Refinery  
  154  9:09  Viking x2  
  160  9:19  Marine  
  160  9:23  Widow Mine x2  
  157  9:24  Ghost  
  157  9:27  Ghost x2  
  157  9:29  Marine x2  
  157  9:30  Supply Depot  
  147  9:35  Refinery  
  147  9:36  Ghost  
  147  9:38  Command Center  
  148  9:45  Armory  
  148  9:47  Viking  
  148  9:48  Viking  
  152  9:55  Marine, Widow Mine x2  
  152  9:57  Marine  
  152  9:58  Ghost, Missile Turret  
  160  10:04  Supply Depot  
  158  10:07  Ghost  
  158  10:08  Ghost  
  158  10:09  Engineering Bay  
  162  10:17  Viking  
  162  10:20  Barracks x2  
  164  10:21  Barracks  
  164  10:24  Sensor Tower  
  164  10:27  Medivac  
  166  10:32  Starport  
  166  10:37  SCV x2, Marauder x2  
  166  10:38  SCV  
  166  10:41  Marauder  
  175  10:47  Viking  
  175  10:49  SCV x2  
  179  10:50  SCV  
  180  10:59  Viking, Ghost x2  
  180  11:01  SCV  
  180  11:02  SCV x2  
  189  11:06  Terran Infantry Weapons Level 2, Refinery  
  189  11:07  Refinery  
  189  11:11  Marauder  
  191  11:14  SCV x3  
  191  11:15  Bunker  
  194  11:19  Terran Infantry Armor Level 2  
  194  11:23  Missile Turret, SCV  
  195  11:26  Medivac, SCV x2  
  199  11:35  Marine  
  200  11:51  Planetary Fortress  
  200  11:53  Command Center  
  200  11:54  Missile Turret  
  200  11:55  Terran Ship Weapons Level 1, Sensor Tower  
  200  12:00  Fusion Core  
  200  12:02  Missile Turret  
  200  12:03  Command Center  
  200  12:06  Command Center  
  200  12:10  Barracks Tech Lab x2  
  200  12:13  Command Center  
  200  12:14  Personal Cloaking  
  200  12:23  Missile Turret  
  200  12:28  Starport  
  200  12:55  Command Center  
  200  12:58  Advanced Ballistics, Command Center  
  200  13:07  Orbital Command  
  200  13:20  Orbital Command  
  200  13:25  Refinery  
  198  13:27  Missile Turret  
  198  13:30  Sensor Tower, Refinery  
  194  13:34  Liberator  
  194  13:35  Liberator  
  199  13:56  Starport Reactor  
  199  13:59  Terran Infantry Armor Level 3, Terran Infantry Weapons Level 3  
  199  14:05  Liberator  
  199  14:08  Planetary Fortress  
  199  14:09  Orbital Command, Liberator  
  195  14:10  Caduceus Reactor, Marauder, Marine  
  195  14:11  Marauder  
  195  14:13  Marauder  
  195  14:14  Marauder  
  190  14:17  Liberator x2  
  190  14:18  Marine x2, Marauder x2  
  182  14:27  Terran Ship Weapons Level 2  
  182  14:28  Marine  
  178  14:32  Marauder  
  178  14:33  Marauder  
  178  14:34  Marine  
  178  14:35  Medivac  
  178  14:36  Command Center, Marauder  
  178  14:37  Sensor Tower  
  187  14:42  Marauder  
  187  14:47  Refinery  
  187  14:48  Liberator, Ghost  
  187  14:49  Missile Turret  
  187  14:51  Ghost  
  187  14:52  Viking, Ghost  
  198  14:56  SCV  
  193  15:00  Liberator x2, Missile Turret  
  193  15:05  Liberator  
  193  15:06  Orbital Command  
  193  15:07  Marauder, Marine  
  189  15:08  Liberator, Marine x2  
  189  15:09  Marauder, Marine  
  188  15:17  Marauder  
  188  15:20  Marine x2  
  166  15:22  Liberator  
  166  15:24  Marine  
  166  15:26  Ghost, Marine x2  
  151  15:28  Marauder  
  151  15:31  Viking, Marauder  
  149  15:38  Marauder, Marine x2  
  149  15:41  Orbital Command  
  149  15:42  Marine  
  153  15:43  Viking, Liberator  
  153  15:45  Marauder  
  153  15:48  Liberator  
  153  15:49  Marauder, Marine  
  167  15:51  Ghost  
  167  15:55  Marauder  
  167  15:56  Marauder  
  175  15:57  Marauder  
  175  15:58  Liberator  
  175  15:59  Marine  
  175  16:00  Marine  
  180  16:04  Viking  
  180  16:05  Orbital Command  
  180  16:06  Viking  
  180  16:09  Marauder  
  183  16:13  Marine  
  183  16:16  Viking  
  183  16:17  Marine  
  184  16:21  Ghost  
  184  16:22  Marine  
  187  16:26  Viking, Ghost  
  187  16:31  Liberator, Marauder  
  192  16:32  Command Center  
  192  16:39  Liberator x2  
  198  16:41  Neosteel Armor  
  198  16:42  Hi-Sec Auto Tracking  
  198  16:50  Marauder  
  200  17:04  Planetary Fortress  
  198  17:17  Ghost  
  198  17:18  Refinery  
  198  17:19  Ghost, Missile Turret  
  198  17:20  Marine x2  
  198  17:21  Liberator  
  198  17:22  Sensor Tower, Marine x2  
  180  17:23  Marine, Marauder x2  
  180  17:24  Liberator  
  172  17:30  Liberator  
  170  17:38  Marine x2  
  170  17:40  Marauder  
  170  17:41  Marauder, Marine  
  170  17:44  Marine x2  
  172  17:46  Marine  
  172  17:49  Marauder  
  172  17:50  Orbital Command  
  176  17:55  Marine  
  176  17:56  Marine  
  176  17:58  Ghost  
  178  18:01  Marine  
  178  18:02  Ghost, Marauder x2  
  178  18:04  Marine  
  176  18:13  Ghost, Marine  
  176  18:14  Liberator  
  176  18:15  Marine  
  176  18:17  Liberator x2  
  176  18:19  Marine  
  171  18:22  Marauder  
  171  18:23  Marauder, Marine  
  176  18:27  Marauder  
  176  18:31  Marine x2  
  176  18:33  Marine  
  181  18:36  Command Center  
  181  18:37  Marauder  
  181  18:39  Liberator  
  186  18:41  Marauder  
  186  18:42  Marauder  
  186  18:46  Liberator  
  186  18:47  Marauder  
  195  18:53  Ghost x2  
  199  19:06  Marine  
  200  19:33  Marauder, Marine  
  196  19:41  Ghost  
  189  19:46  Medivac x2  
  189  19:47  Marauder x2, Marine  
  189  19:48  Marine, Medivac  
  189  19:55  Marine  
  189  19:56  Marauder  
  189  19:57  Marauder x2